 Dungeon Crawl Stone Soup version 0.28-a0-751-gef3a642a4e (webtiles) character file.

Game seed: 14038163106551665930

109 croobank the Digger (level 4, -3/24 HPs)
             Began as a Gargoyle Earth Elementalist on Oct 30, 2021.
             Killed from afar by a white imp (8 damage)
             ... with a puff of frost
             ... summoned by Natasha
             ... on level 2 of the Dungeon.
             The game lasted 00:15:06 (1536 turns).

croobank the Digger (Gargoyle Earth Elementalist)   Turns: 1536, Time: 00:15:07

Health: -3/24      AC: 14    Str: 13    XL:     4   Next: 89%
Magic:  2/8        EV: 10    Int: 15    God:
Gold:   88         SH:  5    Dex: 10    Spells: 7/8 levels left

rFire   . . .      SeeInvis .   i - +2 dagger (venom)
rCold   . . .      Faith    .   (no shield)
rNeg    + . .      Spirit   .   c - +0 ring mail
rPois   ∞          Reflect  +   p - +0 helmet
rElec   +          Harm     .   (no cloak)
rCorr   .          Rampage  .   g - +0 pair of gloves
Will    .....                   (no boots)
Stlth   +.........              m - amulet of reflection
HPRegen 0.08/turn               s - +4 ring of protection
MPRegen 0.11/turn               (no ring)

@: no status effects
A: sickness immunity, AC +3, negative energy resistance 1, electricity
resistance, torment resistance 1, petrification resistance
a: no special abilities


You were on level 2 of the Dungeon.
You visited 1 branch of the dungeon, and saw 2 of its levels.

You collected 88 gold pieces.

Inventory:

Hand Weapons
 i - a +2 dagger of venom (weapon)
 q - a +1 short sword of venom
Missiles
 b - 6 stones
 h - 10 poisoned darts
 r - 20 bolts
Armour
 c - a +0 ring mail (worn)
 g - a +0 pair of gloves (worn)
 p - a +0 helmet (worn)
Jewellery
 m - an amulet of reflection (around neck)
 s - a +4 ring of protection (left hand)
Scrolls
 l - a scroll of fog {unknown}
 n - 3 scrolls of blinking
 o - a scroll of enchant weapon {unknown}
Potions
 a - a potion of haste {unknown}
 d - 2 potions of resistance
 e - 2 potions of heal wounds {unknown}
 f - 2 potions of magic {unknown}
 j - 2 potions of curing {unknown}
 k - a potion of flight {unknown}


   Skills:
 + Level 1.0 Short Blades
 + Level 2.0 Dodging
 + Level 2.3 Stealth
 + Level 2.9 Spellcasting
 + Level 0.7 Transmutations
 + Level 5.1 Earth Magic


You had 7 spell levels left.
You knew the following spells:

 Your Spells              Type           Power      Damage    Failure   Level
a - Sandblast             Erth           34%        2d9       5%          1

Your spell library contained the following spells:

 Spells                   Type           Power      Damage    Failure   Level
 Passwall                 Tmut/Erth      9%         N/A       21%         2
 Stone Arrow              Conj/Erth      18%        3d8       43%         3
 Petrify                  Tmut/Erth      11%        N/A       78%         4


Dungeon Overview and Level Annotations

Branches:
Dungeon (2/15)

Altars:

Annotations:
D:2 Natasha


Innate Abilities, Weirdness & Mutations

You are immune to sickness and miasma.
Your stone body is resilient. (AC +3)
You are immune to poison.
You resist negative energy. (rN+)
You are resistant to electric shocks. (rElec)
You are resistant to unholy torment.
You are immune to petrification.


Message History

The magic dart hits you. The white imp gestures at you.
The puff of frost hits you.
* * * LOW HITPOINT WARNING * * *
Aiming: Sandblast (safe; 5% risk of failure)
Press: ? - help, Q - select action, (/) - cycle Shift-Dir - straight line, f/p - Natasha
Aim: Natasha (74% to hit)
The blast of sand hits Natasha!
Natasha is severely wounded.
Natasha stares at you and mumbles some strange words.
You resist with some effort.
Aiming: Sandblast (safe; 5% risk of failure)
Press: ? - help, Q - select action, (/) - cycle Shift-Dir - straight line, f/p - Natasha
Aim: Natasha (severely wounded, 74% to hit)
The blast of sand hits the white imp.
The white imp is heavily wounded.
Aiming: Sandblast (safe; 5% risk of failure)
Press: ? - help, Q - select action, (/) - cycle Shift-Dir - straight line, f/p - Natasha
Aim: Natasha (severely wounded, 74% to hit)
The blast of sand misses Natasha.
The white imp gestures at you.
The puff of frost hits you but does no damage.
Aiming: Sandblast (safe; 5% risk of failure)
Press: ? - help, Q - select action, (/) - cycle Shift-Dir - straight line, f/p - Natasha
Aim: Natasha (severely wounded, 74% to hit)
The blast of sand hits Natasha but does no damage.
Natasha is severely wounded.
Natasha claws you but does no damage. The white imp gestures at you.
The puff of frost hits you.
* * * LOW HITPOINT WARNING * * *
Aiming: Sandblast (safe; 5% risk of failure)
Press: ? - help, Q - select action, (/) - cycle Shift-Dir - straight line, f/p - Natasha
Aim: Natasha (severely wounded, 74% to hit)
The blast of sand hits Natasha.
Natasha is almost dead.
Natasha completely misses you. The white imp gestures at you.
The puff of frost hits you!
You die...

##.....
#.....#
#.....#
###.....#
#.......#
#.......#
#....5h.#
#.....@.#
#.......#
#.......#
#.......# #
####.####
.###.....#
#.....#.#.#
####..#...##
#########
#..##.#.##
........


You could see Natasha and a white imp (summoned).

Vanquished Creatures
  Natasha (twice) (D:2)
  An adder (D:2)
  A worm (D:2)
  4 ball pythons (D:1)
  2 endoplasms (D:1)
  5 giant cockroaches
  2 goblins
  4 hobgoblins
  2 jackals (D:2)
  7 bats
  11 frilled lizards (D:2)
  5 kobolds
  5 rats
51 creatures vanquished.

Vanquished Creatures (others)
  6 plants (D:2)
6 creatures vanquished.

Grand Total: 57 creatures vanquished

Notes
Turn   | Place    | Note
-------+----------+-------------------------------------------
     0 | D:1      | croobank the Gargoyle Earth Elementalist began the quest
                  | for the Orb.
     0 | D:1      | Reached XP level 1. HP: 10/10 MP: 3/3
   151 | D:1      | Reached XP level 2. HP: 15/15 MP: 1/5
   242 | D:1      | Reached skill level 4 in Earth Magic
   655 | D:1      | Found a faded altar of an unknown god.
   861 | D:1      | You fall into a shaft and drop 1 floor!
   868 | D:2      | Reached XP level 3. HP: 19/19 MP: 4/6
  1078 | D:2      | Noticed Natasha
  1090 | D:2      | Killed Natasha
  1091 | D:2      | Reached XP level 4. HP: 21/24 MP: 3/8
  1297 | D:2      | Reached skill level 1 in Short Blades
  1473 | D:2      | Noticed Natasha
  1478 | D:2      | Killed Natasha
  1479 | D:2      | Reached skill level 5 in Earth Magic
  1528 | D:2      | Noticed Natasha
  1536 | D:2      | Killed from afar by a white imp

Illustrated notes

Levels and vault maps discovered:
D:1:      psy_arrival_radial02, layout_basic,
          hellmonk_ecumenical_altar_leap_of_faith, minmay_pentomino_q2
D:2:      layout_loops_cross, minmay_lizard_king, uniq_natasha

Skill      XL: |  1  2  3  4 |
---------------+-------------+-----
Earth Magic    | 4 5 |  5.1
Short Blades   | 1 |  1.0
Dodging        | 2 |  2.0
Stealth        | |  2.3
Spellcasting   | |  2.9
Transmutations | |  0.7

Action                   |  1- 3 |  4- 6 || total
-------------------------+-------+-------++-------
Melee: Unarmed           |     4 |       ||     4
       Short sword       |     1 |       ||     1
       Dagger            |    28 |    27 ||    55
 Cast: Sandblast         |    33 |    15 ||    48
  Use: Scroll            |     1 |     1 ||     2
Armor: Robe              |    13 |     4 ||    17
       Ring mail         |       |     6 ||     6
Dodge: Dodged            |    36 |    20 ||    56
Block: Other             |     5 |     5 ||    10

Table legend: (Time is in decaauts)
 A = Elapsed time spent in this place.
 B = Non-inter-level travel time spent in this place.
 C = Inter-level travel time spent in this place.
 D = Time resting spent in this place.
 E = Time spent auto-exploring this place.
 F = Levels seen in this place.
 G = Mean time per level.
                   A        B        C        D        E       F      G
               +--------+--------+--------+--------+--------+-----+--------+
         Total |   1533 |   1533 |      0 |      0 |   1076 |   2 |  766.5 |
       Dungeon |   1533 |   1533 |      0 |      0 |   1076 |   2 |  766.5 |
               +--------+--------+--------+--------+--------+-----+--------+

Top non-repeatable levels by time:
     D:1: 860 daAuts
     D:2: 673 daAuts
